 Dungeon Crawl Stone Soup version 0.28-a0-794-gafe8c5f9e9 (webtiles) character file.

Game seed: 3419453990519328783

46 bande the Shield-Bearer (level 3, -2/23 HPs)
             Began as a Gargoyle Fighter on Nov 5, 2021.
             Killed by divine providence
             ... invoked by an orc priest
              (17 damage)
             ... on level 2 of the Dungeon.
             The game lasted 00:02:41 (1342 turns).

bande the Shield-Bearer (Gargoyle Fighter)          Turns: 1342, Time: 00:02:43

Health: -2/23      AC: 10    Str: 20    XL:     3   Next: 68%
Magic:  3/3        EV:  9    Int:  8    God:
Gold:   93         SH:  4    Dex:  9    Spells: 2/2 levels left

rFire   . . .      SeeInvis .   a - +1 war axe
rCold   . . .      Faith    .   c - +0 buckler
rNeg    + . .      Spirit   .   b - +0 scale mail
rPois   ∞          Reflect  .   (no helmet)
rElec   +          Harm     .   (no cloak)
rCorr   .          Rampage  .   (no gloves)
Will    .....                   (no boots)
Stlth   ..........              (no amulet)
HPRegen 0.07/turn               (no ring)
MPRegen 0.08/turn               (no ring)

@: no status effects
A: sickness immunity, AC +3, negative energy resistance 1, electricity
resistance, torment resistance 1, petrification resistance
a: no special abilities


You were on level 2 of the Dungeon.
You visited 1 branch of the dungeon, and saw 3 of its levels.

You collected 93 gold pieces.

Inventory:

Hand Weapons
 a - a +1 war axe (weapon)
Armour
 b - a +0 scale mail (worn)
 c - a +0 buckler (worn)
Potions
 d - a potion of might
 g - a potion of lignification {unknown}
 h - a potion of haste {unknown}
 i - a potion of curing {unknown}
 j - a potion of attraction {unknown}


   Skills:
 + Level 3.5 Fighting
 + Level 2.7 Axes
 + Level 3.7 Armour
 + Level 3.7 Shields


You had 2 spell levels left.
You didn't know any spells.
Your spell library was empty.

Dungeon Overview and Level Annotations

Branches:
Dungeon (3/15)

Altars:
Hepliaklqana

Shops:
D:1 (   D:2 [


Innate Abilities, Weirdness & Mutations

You are immune to sickness and miasma.
Your stone body is resilient. (AC +3)
You are immune to poison.
You resist negative energy. (rN+)
You are resistant to electric shocks. (rElec)
You are resistant to unholy torment.
You are immune to petrification.


Message History

The adder is heavily wounded.
You slash the ball python!
You kill the ball python!
The adder bites you but does no damage. The adder barely misses you.
You slash the adder!
You kill the adder!
No target in view!
No target in view!
No target in view!
No target in view!
No target in view!
No target in view!
No target in view!
No target in view!
You start resting.
HP restored.
You can't go up here!
You climb downwards.
There is a stone staircase leading up here.
The orc priest completely misses you.
You climb upwards.
There is a stone staircase leading down here.
Your scale mail prevents you from hitting the orc priest.
You block the orc priest's attack.
The orc priest hits you with a +2 flail of draining.
You completely miss the orc priest. The orc priest closely misses you.
You closely miss the orc priest.
The orc priest hits you but does no damage.
You hit the orc priest but do no damage.
The orc priest hits you with a +2 flail of draining.
The orc priest hits you but does no damage.
You barely miss the orc priest.
The orc priest hits you with a +2 flail of draining.
You slash the orc priest!
The orc priest is severely wounded.
The orc priest barely misses you.
The orc priest calls down the wrath of Beogh upon you.
Beogh smites you!
Ouch! That really hurt!
You die...

##########.## #....[.....#
#..........#
##########..........####
##...#...########........
##.........## ###....<.
#...........# ######.#...
#.........).# ##......#...
#........@..###..######...
##......o........### #...
##.......#####....# #...
####..### #.##.####...
##.# #.#......... #.##
####.#.######.#
#..###......# #..
##...#......# ##.
#......_...# ###


You could see an orc priest.

Vanquished Creatures
  An adder (D:2)
  A dart slug (D:1)
  An orc (D:2)
  5 endoplasms
  2 giant cockroaches (D:1)
  A goblin (D:1)
  2 hobgoblins (D:1)
  A kobold (D:1)
  2 quokkas
  7 ball pythons
  A bat (D:1)
  4 frilled lizards (D:1)
  4 rats
32 creatures vanquished.

Notes
Turn   | Place    | Note
-------+----------+-------------------------------------------
     0 | D:1      | bande the Gargoyle Fighter began the quest for the Orb.
     0 | D:1      | Reached XP level 1. HP: 14/14 MP: 1/1
   134 | D:1      | Reached XP level 2. HP: 19/19 MP: 2/2
   311 | D:1      | You fall into a shaft and drop 1 floor!
   438 | D:2      | Found a hazy altar of Hepliaklqana.
   549 | D:2      | Found Alletit's Armour Boutique.
   826 | D:1      | Reached XP level 3. HP: 23/23 MP: 3/3
  1062 | D:1      | Found Ofahocyu's Antique Weapon Emporium.
  1342 | D:2      | Killed from afar by an orc priest

Illustrated notes

Levels and vault maps discovered:
D:1:      psy_arrival_statuary, layout_loops_ring, serial_shops,
          nicolae_shop_trees, grunt_decor_junction
D:2:      layout_rooms, basic_altar, serial_shops, shop_statue
D:3:      layout_loops_ring, chequers_temple_overflow_minitemple,
          ebering_ecumenical_altar_box, kennysheep_generic_room_16

Skill      XL: |  1 |
---------------+----+-----
Axes           | 2 |  2.7
Fighting       | |  3.5
Armour         | |  3.7
Shields        | |  3.7

Action                   || total
-------------------------++-------
Melee: War axe           ||    98
  Use: Scroll            ||     2
Armor: Scale mail        ||    57
Dodge: Dodged            ||    50
Block: Buckler           ||    25

Table legend: (Time is in decaauts)
 A = Elapsed time spent in this place.
 B = Non-inter-level travel time spent in this place.
 C = Inter-level travel time spent in this place.
 D = Time resting spent in this place.
 E = Time spent auto-exploring this place.
 F = Levels seen in this place.
 G = Mean time per level.
                   A        B        C        D        E       F      G
               +--------+--------+--------+--------+--------+-----+--------+
         Total |   1383 |   1364 |     19 |     24 |   1038 |   3 |  461.0 |
       Dungeon |   1383 |   1364 |     19 |     24 |   1038 |   3 |  461.0 |
               +--------+--------+--------+--------+--------+-----+--------+

Top non-repeatable levels by time:
     D:1: 775 daAuts
     D:2: 566 daAuts
     D:3: 42 daAuts
